 Dungeon Crawl Stone Soup version 0.20.1-1-g8b1a95d66d (webtiles) character file.

182 Popi the Covered (level 5, -3/42 HPs)
             Began as a Human Fighter on Dec 18, 2017.
             Slain by a killer bee (6 damage)
             ... on level 3 of the Dungeon.
             The game lasted 00:03:52 (1564 turns).

Popi the Covered (Human Fighter)                    Turns: 1564, Time: 00:03:53

Health: -3/42      AC: 16    Str: 25    XL:     5   Next: 93%
Magic:  5/5        EV: 13    Int: 10    God:
Gold:   135        SH:  0    Dex: 18    Spells: 4/4 levels left

rFire    . . .     SeeInvis .   a - +0 long sword
rCold    + . .     Gourm    .   (no shield)
rNeg     . . .     Faith    .   r - +0 plate armour
rPois    .         Spirit   .   (no helmet)
rElec    .         Reflect  .   (no cloak)
rCorr    .         Harm     .   o - +0 pair of gloves
MR       .....                  t - +0 pair of boots
Stlth    ..........             (no amulet)
Regen    0.2/turn               g - +3 ring of strength
MPRegen  0.1/turn               n - ring of protection from cold

@: mighty, agile, lethally poisoned (-3 -> -12)
A: yellow scales 1, clever 1, deterioration 1
a: no special abilities


You were on level 3 of the Dungeon.
You were hungry.

You visited 1 branch of the dungeon, and saw 3 of its levels.

You collected 135 gold pieces.

Inventory:

Hand Weapons
 a - a +0 long sword (weapon)
Armour
 o - a +0 pair of gloves (worn)
 r - a +0 plate armour (worn)
 t - a +0 pair of boots (worn)
Jewellery
 g - a +3 ring of strength (left hand)
 n - a ring of protection from cold (right hand)
Wands
 p - a wand of digging (14/24)
Scrolls
 b - a scroll of random uselessness {unknown}
 c - a scroll of amnesia {unknown}
 e - 2 scrolls of identify {unknown}
 j - 2 scrolls of remove curse {unknown}
 l - 2 scrolls of magic mapping {unknown}
 m - a scroll of teleportation {unknown}
Potions
 d - 2 potions of might
Comestibles
 f - 3 bread rations
 i - 6 fruits
 s - 2 chunks of flesh


   Skills:
 + Level 3.7 Fighting
 + Level 3.6 Long Blades
 + Level 3.8 Armour
 * Level 2.0 Dodging
   Level 3.2 Shields


You had 4 spell levels left.
You didn't know any spells.

Dungeon Overview and Level Annotations

Branches:
Dungeon (3/15)

Altars:


Innate Abilities, Weirdness & Mutations

You are partially covered in yellow scales. (AC +2)
Your mind is acute. (Int +2)
Your body sometimes deteriorates upon taking damage.


Message History

The killer bee is almost dead.
* * * LOW HITPOINT WARNING * * *
You feel sick.
The killer bee stings you but does no damage.
The killer bee stings you.
* * * LOW HITPOINT WARNING * * *
The killer bee stings you but does no damage.
It was a potion of mutation.
You feel extremely strange.
You feel yourself wasting away.
You feel clever.
Yellow scales grow over part of your body.
* * * LOW HITPOINT WARNING * * *
You feel sick.
The killer bee stings you but does no damage. x2
Unknown command.
It was a potion of agility.
You feel agile all of a sudden.
You are feeling hungry.
* * * LOW HITPOINT WARNING * * *
You feel sick. The killer bee closely misses you. The killer bee stings you.
You die...

#.##..####.......#
#.##........######
#.########...## # #.#
##.....##
..###.#####.######.......#
......#.........#.........#
........(.......'.........+
.#####.##...##.#.........#
#.###@###.##.......##
#.###y###.###.....##
#...yyy...# ##...##
#.###.#.### #+## #.# #.#.#
#.###)#.##### #...........#
#####..####.# #..#


You could see 4 killer bees.

Vanquished Creatures
  A killer bee (D:3)
  Terence (D:2)
  Natasha (D:2)
  4 adders
  A worm (D:2)
  A dart slug (D:1)
  A leopard gecko (D:2)
  2 orcs (D:3)
  2 giant cockroaches (D:2)
  8 goblins
  5 hobgoblins
  2 jackals (D:2)
  5 kobolds
  5 bats
  2 frilled lizards
  5 rats
46 creatures vanquished.

Notes
Turn   | Place    | Note
-------+----------+-------------------------------------------
     0 | D:1      | Popi the Human Fighter began the quest for the Orb.
     0 | D:1      | Reached XP level 1. HP: 18/18 MP: 1/1
   112 | D:1      | Reached XP level 2. HP: 21/24 MP: 2/2
   504 | D:1      | Reached XP level 3. HP: 23/29 MP: 3/3
   767 | D:2      | Found a faded altar of an unknown god.
   773 | D:2      | Reached skill level 1 in Dodging
   845 | D:2      | Noticed Terence
   855 | D:2      | Killed Terence
   855 | D:2      | Reached XP level 4. HP: 34/35 MP: 4/4
  1045 | D:2      | Reached XP level 5. HP: 20/41 MP: 5/5
  1366 | D:2      | Noticed Natasha
  1373 | D:2      | Killed Natasha
  1563 | D:3      | Gained mutation: Your body sometimes deteriorates upon taking damage. [potion of mutation]
  1563 | D:3      | Gained mutation: Your mind is acute. (Int +2) [potion of mutation]
  1563 | D:3      | Gained mutation: You are partially covered in yellow scales. (AC +2) [potion of mutation]
  1564 | D:3      | Slain by a killer bee

Skill      XL: |  1  2  3  4  5 |
---------------+----------------+-----
Dodging        | 1 2 |  2.0
Long Blades    | 3 |  3.6
Fighting       | |  3.7
Armour         | |  3.8
Shields        | |  3.2

Action                   |  1- 3 |  4- 6 || total
-------------------------+-------+-------++-------
Melee: Long sword        |    85 |    80 ||   165
  Use: Potion            |       |     4 ||     4
  Eat: Chunk             |       |     2 ||     2
Armor: Scale mail        |    35 |    17 ||    52
       Plate armour      |       |    52 ||    52
Dodge: Dodged            |    31 |    46 ||    77
Block: Shield            |    34 |       ||    34
       Rpst.: Long sword |    11 |    13 ||    24
